 Dungeon Crawl Stone Soup version 0.29-a0-330-g52719c12eb (webtiles) character file.

Game seed: 15798020218083106036

5670 EriolAelfwine the Cleaver (level 10, 0/82 (92) HPs)
             Began as a Deep Dwarf Fighter on May 9, 2022.
             Was an Elder of Makhleb.
             Slain by an orc warrior
             ... wielding a +0 hand axe
              (12 damage)
             ... on level 9 of the Dungeon.
             The game lasted 00:18:11 (7739 turns).

EriolAelfwine the Cleaver (Deep Dwarf Fighter)      Turns: 7739, Time: 00:18:12

HP:   0/82 (92)     AC: 11    Str: 25    XL:     10   Next: 47%
MP:   11/11         EV:  8    Int:  8    God:    Makhleb [****..]
Gold: 369           SH:  6    Dex: 18    Spells: 9/9 levels left

rFire   . . .      SeeInvis .   a - +0 war axe
rCold   . . .      Faith    +   c - +0 buckler
rNeg    . . .      Spirit   .   r - +0 chain mail
rPois   .          Reflect  .   F - +0 helmet
rElec   .          Harm     .   H - scarf {+Inv}
rCorr   .          Rampage  .   j - +0 pair of gloves
Will    +....                   s - +0 pair of boots
Stlth   ..........              x - amulet of faith
HPRegen 0.00/turn               O - +6 ring of dexterity
MPRegen 0.12/turn               (no ring)

@: corroded, heavily drained
A: damage resistance, heal wounds, sense surroundings 2, no regeneration
a: Heal Wounds, Renounce Religion, Evoke Invisibility, Minor Destruction, Lesser
Servant of Makhleb, Major Destruction


You were on level 9 of the Dungeon.
You worshipped Makhleb.
Makhleb was greatly pleased with you.
You visited 2 branches of the dungeon, and saw 10 of its levels.

You collected 369 gold pieces.

Inventory:

Hand Weapons
 a - a +0 war axe (weapon)
 K - a +2 flail
Missiles
 h - 44 poisoned darts
 q - a throwing net
Armour
 c - a +0 buckler (worn)
 j - a +0 pair of gloves (worn)
 r - a +0 chain mail (worn)
 s - a +0 pair of boots (worn)
 F - a +0 helmet (worn)
 H - a scarf of invisibility (worn)
Jewellery
 o - a ring of ice
 x - an amulet of faith (around neck)
 M - an amulet of the acrobat
 O - a +6 ring of dexterity (left hand)
Wands
 u - a wand of acid (6)
 y - a wand of flame (37)
 I - a wand of digging (3)
 J - a wand of iceblast (5)
Scrolls
 b - a scroll of fog {unknown}
 f - 5 scrolls of amnesia
 g - 2 scrolls of blinking {unknown}
 i - a scroll of vulnerability {unknown}
 m - a scroll of holy word {unknown}
 p - a scroll of immolation
 w - a scroll of enchant armour {unknown}
 B - a scroll of enchant weapon {unknown}
 E - 2 scrolls of teleportation {unknown}
 G - a scroll of fear {unknown}
 L - 2 scrolls of identify
Potions
 d - 2 potions of might
 e - 2 potions of degeneration {unknown}
 k - 3 potions of ambrosia
 l - 4 potions of curing
 n - 3 potions of lignification
 t - a potion of invisibility {unknown}
 v - 2 potions of brilliance {unknown}
 z - 3 potions of heal wounds {unknown}
 A - 3 potions of mutation {unknown}
 C - a potion of haste {unknown}
 D - a potion of cancellation {unknown}
 N - a potion of flight {unknown}


   Skills:
 + Level 6.7 Fighting
 * Level 10.7 Axes
 + Level 8.1 Armour
 + Level 8.1 Shields
 + Level 5.9 Invocations


You had 9 spell levels left.
You didn't know any spells.
Your spell library contained the following spells:

 Spells                   Type           Power      Damage    Failure   Level
 Animate Skeleton         Necr           0%         N/A       96%         1
 Apportation              Tloc           0%         N/A       96%         1
 Pain                     Necr           0%         1d4       96%         1
 Shock                    Conj/Air       0%         1d3       96%         1
 Summon Small Mammal      Summ           0%         N/A       96%         1
 Blink                    Tloc           0%         N/A       99%         2
 Conjure Flame            Conj/Fire      0%         6-21      100%        3
 Ignite Poison            Fire/Tmut/Pois 0%         N/A       100%        3
 Portal Projectile        Hex/Tloc       0%         N/A       100%        3
 Swiftness                Air            0%         N/A       100%        3
 Vampiric Draining        Necr           0%         2d6       100%        3
 Airstrike                Air            0%         N/A       100%        4
 Sticky Flame             Conj/Fire      0%         2d3       100%        4
 Alistair's Intoxication  Tmut/Pois      0%         N/A       100%        5
 Blade Hands              Tmut           0%         N/A       100%        5
 Borgnjor's Vile Clutch   Necr/Erth      0%         N/A       100%        5
 Excruciating Wounds      Necr           0%         N/A       100%        5
 Manifold Assault         Tloc           0%         N/A       100%        5
 Eringya's Noxious Bog    Tmut/Pois      0%         N/A       100%        6
 Storm Form               Tmut/Air       0%         N/A       100%        7


Dungeon Overview and Level Annotations

Branches:
Dungeon (9/15)             Temple (1/1) D:4
   Lair: D:8-11         Orc: D:9-12

Altars:
Ashenzari
Cheibriados
Dithmenos
Elyvilon
Fedhas
Gozag
Hepliaklqana
Kikubaaqudgha
Makhleb
Nemelex Xobeh
Okawaru
Qazlal
Ru
Sif Muna
Trog
Uskayaw
Vehumet
Wu Jian
Xom
Yredelemnul
Zin
The Shining One

Shops:
D:5 *


Innate Abilities, Weirdness & Mutations

You are resistant to damage.
You can heal yourself by infusing magical energy.
You passively map the area around you.
You do not regenerate.


Message History

The centaur hits you but does no damage.
You block the centaur's attack. The wight closely misses you.
The kobold hits you but does no damage.
Your magical essence is drained by the effort!
You feel much better.
The centaur hits you but does no damage.
The centaur kicks you. The troll barely misses you.
The troll claws you but does no damage. You block the troll's attack.
The kobold barely misses you. The acid dragon bites you.
You block the acid dragon's attack.
The wight hits you from afar with a +2 spear.
The kobold closely misses you.
You barely miss the kobold.
The kobold is severely wounded.
You hit the centaur. You hit the troll but do no damage. You slash the kobold!
You kill the kobold!
Makhleb accepts your kill.
You slash the acid dragon!
The centaur hits you but does no damage.
The centaur kicks you but does no damage.
The troll bites you! The troll claws you but does no damage.
The troll claws you. You block the acid dragon's attack.
The acid dragon closely misses you.
The centaur hits you but does no damage.
The centaur closely misses you. The wight hits you but does no damage.
You block the kobold's attack.
The orc priest invokes the aid of Beogh against you.
Beogh smites you!
You barely miss the kobold.
The kobold is severely wounded.
You hit the acid dragon. You hit the orc warrior. You barely miss the troll.
You closely miss the centaur. The centaur hits you. The centaur kicks you.
You block the troll's attack. The troll claws you. x2
The acid dragon spits acid at you. The splash of acid hits you!!
* * * LOW HITPOINT WARNING * * *
The acid corrodes you! You block the wight's attack.
The kobold hits you but does no damage.
The orc warrior hits you with a +0 hand axe!
You die...

* +........,
#........#*
#........# #........#
############........#
#..........#........#
#.....o{............#
#....cKD...#........#
#.....@oo..<....####*
#######T...###.....#
##z#......(..# *
#z#.##......+
#.#.##......#
#.#.##........ *
*#.#+#########.#,
,,...,, , , ,.#, .. ,
,


You could see a troll, an orc warrior, an acid dragon (catching breath), a
centaur, 2 wights, 2 orc priests and a kobold.

Vanquished Creatures
  Pikel (D:5)
  Maggie (D:7)
  6 yaks
  A steam dragon (D:7)
  2 orc warriors
  4 sky beasts
  2 ice beasts (D:7)
  2 centaurs
  4 ogres
  3 lemures (D:5)
  3 phantoms
  3 kobold brigands
  5 bullfrogs
  A necrophage (D:6)
  16 wights
  2 howler monkeys
  2 jellies
  2 gnoll shamans
  2 orc priests
  4 hounds
  6 iguanas
  Natasha (twice) (D:4)
  9 orc wizards
  7 gnolls
  10 adders
  A shadow imp (D:7)
  A white imp (D:5)
  2 ufetubi
  3 dart slugs (D:1)
  25 orcs
  5 ball pythons
  5 endoplasms
  2 giant cockroaches
  6 goblins
  9 hobgoblins
  7 jackals
  29 kobolds
  5 quokkas
  4 bats
  6 frilled lizards
  6 rats (D:1)
216 creatures vanquished.

Vanquished Creatures (others)
  2 wights (D:7)
  16 fungi (D:4)
  9 plants
27 creatures vanquished.

Grand Total: 243 creatures vanquished

Notes
Turn   | Place    | Note
-------+----------+-------------------------------------------
     0 | D:1      | EriolAelfwine the Deep Dwarf Fighter began the quest for
                  | the Orb.
     0 | D:1      | Reached XP level 1. HP: 20/20 MP: 1/1
    66 | D:1      | Reached XP level 2. HP: 27/27 MP: 2/2
   372 | D:1      | Found a faded altar of an unknown god.
   409 | D:1      | Reached skill level 3 in Axes
   475 | D:1      | Reached XP level 3. HP: 30/33 MP: 3/3
   639 | D:1      | You fall into a shaft and drop 1 floor!
  1542 | D:2      | Reached XP level 4. HP: 22/42 MP: 4/4
  2246 | D:4      | Noticed an ogre
  2287 | D:4      | Noticed Natasha
  2294 | D:4      | Killed Natasha
  2295 | D:4      | Reached skill level 4 in Axes
  2295 | D:4      | Reached XP level 5. HP: 42/49 MP: 5/5
  2570 | D:4      | Found a staircase to the Ecumenical Temple.
  2585 | D:4      | Noticed Natasha
  2603 | D:4      | Killed an ogre
  2604 | D:4      | Reached XP level 6. HP: 57/57 MP: 6/6
  2622 | D:4      | Killed Natasha
  2623 | D:4      | Reached skill level 5 in Axes
  3218 | D:5      | Entered Level 5 of the Dungeon
  3307 | D:5      | Noticed a sky beast
  3312 | D:5      | Killed a sky beast
  3350 | D:5      | Reached XP level 7. HP: 46/64 MP: 7/7
  3362 | D:5      | Found Rydouvam's General Store.
  3473 | D:5      | Reached skill level 5 in Armour
  3473 | D:5      | Reached skill level 5 in Shields
  3532 | D:5      | Reached skill level 6 in Axes
  3583 | D:5      | Noticed Pikel
  3613 | D:5      | Killed Pikel
  3614 | D:5      | Reached skill level 7 in Axes
  3614 | D:5      | Reached XP level 8. HP: 38/73 MP: 7/7
  3855 | D:5      | Reached skill level 5 in Fighting
  4163 | Temple   | Entered the Ecumenical Temple
  4213 | Temple   | Became a worshipper of Makhleb the Destroyer
  4656 | D:6      | Reached skill level 8 in Axes
  4656 | D:6      | Reached skill level 1 in Invocations
  4691 | D:6      | Gained mutation: You passively map the area around you.
                  | [Deep Dwarf growth]
  4691 | D:6      | Reached XP level 9. HP: 26/81 MP: 9/9
  5019 | D:6      | Found a faded altar of an unknown god.
  5019 | D:6      | Found a hazy altar of Hepliaklqana.
  5021 | D:6      | Found a faded altar of an unknown god.
  5324 | D:7      | Reached * piety under Makhleb
  5346 | D:7      | Reached skill level 9 in Axes
  5737 | D:7      | Noticed Maggie
  5749 | D:7      | Killed Maggie
  6517 | D:8      | Reached ** piety under Makhleb
  6525 | D:8      | Reached XP level 10. HP: 59/86 MP: 12/12
  6570 | D:8      | Reached skill level 10 in Axes
  6686 | D:8      | Reached skill level 5 in Invocations
  6687 | D:8      | Reached *** piety under Makhleb
  7734 | D:9      | Reached **** piety under Makhleb
  7739 | D:9      | Slain by an orc warrior

Illustrated notes

Levels and vault maps discovered:
D:1:      matt_arrival_los_fun, layout_basic, shapermc_ecumenical_altar_ellora,
          chequers_serial_rivers_small_3, serial_bayou_pond_d
D:2:      layout_basic, corner_web_ring
D:3:      layout_basic
D:4:      layout_loops_ring, minmay_temple_entry_from_below_a, serial_aquarium,
          aquarium_bridge_long_joined [aquarium_subvault_balcony,
          aquarium_subvault_bridge, aquarium_subvault_bridge,
          aquarium_subvault_wall, aquarium_subvault_window,
          aquarium_subvault_window], aquarium_bridge_square
          [aquarium_subvault_balcony, aquarium_subvault_wall,
          aquarium_subvault_balcony, aquarium_subvault_bridge],
          aquarium_window_fake, aquarium_window_fake, aquarium_window_fake,
          aquarium_view_2a, aquarium_view_2e, aquarium_pool_split,
          serial_bayou_ford_a, uniq_natasha
D:5:      layout_cave_pods, serial_shops, nicolae_stop_n_shop_1, uniq_pikel
D:6:      minmay_recursive_quarters, layout_basic,
          nicolae_hepliaklqana_ecumenical_no_more, lightli_corner_chamber
D:7:      layout_loops_corners, dk_noncrumbling_4, minmay_puff, uniq_maggie
D:8:      kennysheep_kobold_camp, layout_basic
D:9:      layout_basic, grunt_ministairs_2, nicolae_underground_beach
Temple:   kilobyte_greek_temple

Skill      XL: |  1  2  3  4  5  6  7  8  9 10 |
---------------+-------------------------------+-----
Axes           | 3 4 5 7 8 9 10 | 10.7
Fighting       | 3 4 5 6 |  6.7
Armour         | 4 5 6 7 8 |  8.1
Shields        | 4 5 6 7 8 |  8.1
Invocations    | 2 4 5 |  5.9

Action                   |  1- 3 |  4- 6 |  7- 9 | 10-12 || total
-------------------------+-------+-------+-------+-------++-------
Melee: War axe           |   123 |   129 |   334 |   181 ||   767
 Abil: Heal Wounds       |       |     3 |    18 |     5 ||    26
Evoke: Wand              |       |     3 |       |       ||     3
  Use: Scroll            |       |       |     6 |       ||     6
Armor: Scale mail        |    58 |     5 |       |       ||    63
       Chain mail        |       |    81 |   224 |    83 ||   388
Dodge: Dodged            |    58 |    71 |   115 |    55 ||   299
Block: Buckler           |    27 |    28 |    96 |    62 ||   213

Table legend: (Time is in decaauts)
 A = Elapsed time spent in this place.
 B = Non-inter-level travel time spent in this place.
 C = Inter-level travel time spent in this place.
 D = Time resting spent in this place.
 E = Time spent auto-exploring this place.
 F = Levels seen in this place.
 G = Mean time per level.
                   A        B        C        D        E       F      G
               +--------+--------+--------+--------+--------+-----+--------+
         Total |   7920 |   7444 |    476 |      0 |   5490 |  10 |  792.0 |
       Dungeon |   7752 |   7290 |    462 |      0 |   5352 |   9 |  861.3 |
        Temple |    168 |    154 |     14 |      0 |    138 |   1 |  168.0 |
               +--------+--------+--------+--------+--------+-----+--------+

Top non-repeatable levels by time:
     D:8: 1340 daAuts
     D:7: 1078 daAuts
     D:5: 1028 daAuts
     D:1: 1006 daAuts
     D:4: 1004 daAuts
     D:6: 904 daAuts
     D:3: 753 daAuts
     D:2: 588 daAuts
  Temple: 168 daAuts
     D:9: 47 daAuts
